 Dungeon Crawl Stone Soup version 0.22-a0-456-g11ed031 (webtiles) character file.

1502 GameOver the Conjurer (level 8, -4/72 HPs)
             Began as a Naga Wizard on June 6, 2018.
             Killed from afar by a steam dragon (9 damage)
             ... with a ball of steam
             ... on level 5 of the Dungeon.
             The game lasted 00:41:48 (3374 turns).

GameOver the Conjurer (Naga Wizard)                 Turns: 3374, Time: 00:41:50

Health: -4/72      AC:  4    Str:  9    XL:     8   Next: 82%
Magic:  8/16       EV: 10    Int: 20    God:
Gold:   227        SH:  0    Dex: 11    Spells: 8/17 levels left

rFire    . . .     SeeInvis +   w - +2 falchion (slice)
rCold    . . .     Gourm    .   (no shield)
rNeg     . . .     Faith    .   c - +0 robe
rPois    +         Spirit   .   b - +0 hat
rElec    .         Reflect  .   (no cloak)
rCorr    .         Harm     .   i - +0 pair of gloves
MR       +....     Rnd*Rage +   (no barding)
Stlth    ++........             (no amulet)
HPRegen  0.22/turn              (no ring)
MPRegen  0.15/turn              (no ring)

@: very slightly contaminated, very slow
A: large, horns 1, see invisible, berserk 1, deformed body, poison resistance,
slowness 2, slow metabolism 1, spit poison 1, MP-powered wands, AC +2
a: Spit Poison


You were on level 5 of the Dungeon.
You were very hungry.

You visited 1 branch of the dungeon, and saw 5 of its levels.

You collected 227 gold pieces.

Inventory:

Hand Weapons
 j - a -2 eveningstar
 o - a +2 flail of protection
 p - a +0 whip of freezing
 q - a +0 hunting sling
 w - a +2 falchion of slicing (weapon)
Missiles
 k - 32 sling bullets
Armour
 b - a +0 hat (worn)
 c - a +0 robe (worn)
 i - a +0 pair of gloves (worn)
Wands
 f - a wand of enslavement (13)
Scrolls
 a - a scroll of amnesia {unknown}
 e - a scroll of teleportation
 h - 2 scrolls of remove curse
 l - 2 scrolls of blinking {unknown}
 m - 2 scrolls of enchant weapon
 n - a scroll of immolation
Potions
 g - 2 potions of ambrosia
Comestibles
 d - 10 rations


   Skills:
 - Level 4.1 Fighting
 + Level 5.7 Long Blades
 - Level 0.1 Maces & Flails
 - Level 1.5 Dodging
 - Level 3.0 Stealth
 + Level 5.3 Spellcasting
 - Level 6.0 Conjurations
   Level 1.0 Summonings
 - Level 1.0 Translocations


You had 8 spell levels left.
You knew the following spells:

 Your Spells              Type           Power        Failure   Level  Hunger
a - Magic Dart            Conj           ####         1%          1    None
b - Blink                 Tloc           N/A          11%         2    None
d - Mephitic Cloud        Conj/Pois/Air  ##......     14%         3    ##.....
s - Conjure Flame         Conj/Fire      ###.....     10%         3    ##.....

Your spell library contained the following spells:

 Spells                   Type           Power        Failure   Level  Hunger
 Slow                     Hex            #.......     17%         2    None
 Call Imp                 Summ           #.......     11%         2    None


Dungeon Overview and Level Annotations

Branches:
Dungeon (5/15)
 Temple: D:4-7

Altars:
Cheibriados
Fedhas
Hepliaklqana
Nemelex Xobeh
Trog

Annotations:
D:3 GameOver's ghost, amateur NaWz


Innate Abilities, Weirdness & Mutations

You cannot wear boots.
Your serpentine skin is tough. (AC +2)
You have supernaturally acute eyesight. (SInv)
Armour fits poorly on your strangely shaped body.
Your system is resistant to poisons. (rPois)
You cover ground very slowly.
You have a slow metabolism.
You can spit poison.
You have a pair of small horns on your head.
You tend to lose your temper in combat.
You expend magic power (3 MP) to strengthen your wands.


Message History

Nothing appears to happen.
The fungus is engulfed in a cloud of scalding steam.
Unknown command.
Casting: Mephitic Cloud (safe; 14% risk of failure)
Confirm with . or Enter, or press ? or * to list all spells.
Okay, then.
Casting: Mephitic Cloud (safe; 14% risk of failure)
Confirm with . or Enter, or press ? or * to list all spells.
Aiming: Mephitic Cloud (safe; 14% risk of failure)
Press: ? - help, Shift-Dir - straight line, f/p - steam dragon
Aim: a steam dragon (steam, moderately wounded, catching its breath)
The ball explodes into a vile cloud!
The stinking cloud engulfs the steam dragon.
The steam dragon is moderately wounded.
The stinking cloud engulfs the fungus.
The fungus appears unharmed.
The fungus is heavily damaged.
The steam dragon is engulfed in noxious fumes.
The steam dragon breathes steam at you. The ball of steam hits you!
You die...

.........#....#....#
##...##..##'###...###### #..
##..##..##...##...# ...
#........>......... ..
#...#.............. #
######.###.####...#
########.^...###.####>..#
#########D.P≈§§§≈....#...#.......
≈..≈PP≈P§§§§.§D§@.(..#...#.......
.D...D§§§§PPPP§§^P...'...#.......
P≈≈P.P#######≈PPP....#...#.......
########..# ###.≈P..####..#...#..
######..###'###################
#...............#.....#
#.....................#
##..#...##..##...##...#
######.##..##(..##...#


You could see 2 steam dragons.

Vanquished Creatures
  Grinder (D:4)
  Menkaure (D:4)
  Edmund (D:5)
  A phantom (D:4)
  3 scorpions (D:4)
  A howler monkey (D:5)
  2 centaur skeletons
  An orc wizard (D:3)
  Ijyb (D:4)
  2 iguanas (D:4)
  4 worker ants
  10 adders
  A worm (D:3)
  A dart slug (D:1)
  8 orcs
  5 giant cockroaches
  6 hobgoblins
  6 jackals
  A quokka (D:2)
  A ball python (D:2)
  10 bats
  6 frilled lizards
  7 goblins
  2 kobolds
  10 rats
92 creatures vanquished.

Vanquished Creatures (collateral kills)
  Pikel (D:4)
1 creature vanquished.

Vanquished Creatures (others)
  An orc (D:5)
  A jackal (D:5)
  A ball python (D:5)
  7 fungi (D:4)
10 creatures vanquished.

Grand Total: 103 creatures vanquished

Notes
Turn   | Place    | Note
-------+----------+-------------------------------------------
     0 | D:1      | GameOver the Naga Wizard began the quest for the Orb.
     0 | D:1      | Reached XP level 1. HP: 15/15 MP: 4/4
    50 | D:1      | Reached skill level 2 in Conjurations
    50 | D:1      | Reached XP level 2. HP: 14/22 MP: 0/6
   499 | D:2      | Reached skill level 3 in Conjurations
   499 | D:2      | Reached XP level 3. HP: 28/28 MP: 3/7
   506 | D:2      | Learned a level 2 spell: Blink
   510 | D:2      | Learned a level 3 spell: Mephitic Cloud
   711 | D:2      | Reached XP level 4. HP: 36/36 MP: 6/8
  1164 | D:3      | Noticed GameOver's ghost (amateur NaWz)
  1209 | D:3      | Reached skill level 4 in Conjurations
  1325 | D:3      | Found a hazy altar of Hepliaklqana.
  1378 | D:3      | Reached XP level 5. HP: 42/42 MP: 5/9
  1390 | D:3      | Learned a level 3 spell: Conjure Flame
  1490 | D:3      | Found a bloodstained altar of Trog.
  1496 | D:3      | Found a sparkling altar of Nemelex Xobeh.
  1504 | D:3      | Found a snail-covered altar of Cheibriados.
  1992 | D:4      | Noticed Ijyb
  2028 | D:4      | Reached skill level 5 in Conjurations
  2030 | D:4      | Killed Ijyb
  2118 | D:4      | Noticed Menkaure
  2159 | D:4      | Found a blossoming altar of Fedhas.
  2191 | D:4      | Reached XP level 6. HP: 39/49 MP: 4/10
  2198 | D:4      | Reached skill level 6 in Conjurations
  2313 | D:4      | Noticed a phantom
  2319 | D:4      | Killed Menkaure
  2319 | D:4      | Reached skill level 1 in Fighting
  2319 | D:4      | Reached skill level 1 in Long Blades
  2331 | D:5      | Entered Level 5 of the Dungeon
  2448 | D:4      | Killed a phantom
  2448 | D:4      | Reached XP level 7. HP: 36/61 MP: 3/11
  2641 | D:4      | Noticed Grinder
  2787 | D:4      | Killed Grinder
  2787 | D:4      | Reached XP level 8. HP: 39/72 MP: 3/13
  3048 | D:5      | Noticed Pikel
  3070 | D:4      | Killed Pikel
  3070 | D:4      | Reached skill level 5 in Long Blades
  3192 | D:5      | Reached skill level 5 in Spellcasting
  3237 | D:5      | Noticed Edmund
  3308 | D:5      | Killed Edmund
  3363 | D:5      | Gained mutation: You tend to lose your temper in combat. [potion of mutation]
  3363 | D:5      | Gained mutation: You have a pair of small horns on your head. [potion of mutation]
  3363 | D:5      | Gained mutation: You expend magic power (3 MP) to strengthen your wands. [potion of mutation]
  3374 | D:5      | Killed from afar by a steam dragon

Vault maps used:
D:1:      minmay_arrival_arboretum_small, grunt_decor_clamped
D:3:      old_standard_altar, minitemple, first_ration,
          hangedman_decor_clover_reticule, minmay_goblin_kobold_house
D:4:      old_forge, fedhas_altar_3, uniq_menkaure, uniq_ijyb, uniq_grinder
D:5:      kennysheep_steamy, uniq_edmund, uniq_duvessa, uniq_pikel

Skill      XL: |  1  2  3  4  5  6  7  8 |
---------------+-------------------------+-----
Conjurations   | 2 3 4 5 6 |  6.0
Fighting       | 2 4 |  4.1
Long Blades    | 2 4 5 |  5.7
Spellcasting   | 5 |  5.3
Maces & Flails | |  0.1
Dodging        | |  1.5
Stealth        | |  3.0
Summonings     | |  1.0
Translocations | |  1.0

Action                   |  1- 3 |  4- 6 |  7- 9 || total
-------------------------+-------+-------+-------++-------
Melee: Dagger            |     3 |       |       ||     3
       Whip              |     6 |     1 |       ||     7
       Flail             |       |     2 |       ||     2
       Falchion          |       |    31 |    85 ||   116
 Fire: Hunting sling     |       |    17 |    22 ||    39
 Cast: Magic Dart        |    34 |    43 |    45 ||   122
       Mephitic Cloud    |       |     4 |     7 ||    11
       Conjure Flame     |       |     2 |     3 ||     5
       Blink             |       |     2 |     2 ||     4
 Abil: Spit Poison       |    30 |    24 |    22 ||    76
Evoke: Wand              |       |       |     1 ||     1
  Use: Potion            |       |     6 |     2 ||     8
       Scroll            |       |     4 |     3 ||     7
 Stab: Sleeping          |     1 |       |       ||     1
       Confused          |       |     1 |     5 ||     6
  Eat: Chunk             |     1 |     3 |     4 ||     8
       Ration            |       |     1 |       ||     1
Armor: Robe              |     8 |     6 |    17 ||    31
Dodge: Dodged            |    19 |    29 |    34 ||    82
       Rpst.: Falchion   |       |     7 |    11 ||    18

Table legend:
 A = Spawn XP
 B = Non-spawn XP
 C = Spawn XP percentage of total XP
 D = Spawn monster count
 E = Non-spawn monster count
 F = Spawn count percentage of total count
 G = Total turns spent on level
                    A         B        C        D         E        F      G
               +---------+---------+-------+---------+---------+-------+---------
         Total |       0 |    2147 |   0.0 |       0 |      93 |   0.0 |  3374
               +---------+---------+-------+---------+---------+-------+---------
           D:1 |       0 |      30 |   0.0 |       0 |      19 |   0.0 |   446
           D:2 |       0 |      56 |   0.0 |       0 |      21 |   0.0 |   831
           D:3 |       0 |     112 |   0.0 |       0 |      14 |   0.0 |   715
           D:4 |       0 |    1647 |   0.0 |       0 |      32 |   0.0 |  1065
           D:5 |       0 |     302 |   0.0 |       0 |       7 |   0.0 |   317
               +---------+---------+-------+---------+---------+-------+---------
